General information
- name: BNet
- type: Ladder team game (AT/RT)
- host: Battle.net
- saver: wig-dad
map: UpperKingdom
- players: 6
- length: 245:07
- speed: Fast
- version: 1.27 W3XP
- replay type:

» download(1237 KB)
Players
team 1 (winner)
iggy_the_fisk (
orange | 97 APM | 19855 actions | 204:49)
8 Archmage
3 Blizzard
3 Brilliance Aura
1 Mass Teleport
1 Summon Water Elemental
8 Blood Mage
3 Flame Strike
3 Siphon Mana
1 Summon Phoenix
1 Banish
8 Pit Lord
3 Rain of Fire
3 Cleaving Attack
1 Doom
1 Howl of Terror
» actions
| Assign group hotkey | 542 | |
| Basic commands | 45 | |
| Build / train | 296 | |
| Enter build submenu | 264 | |
| Enter hero's abilities submenu | 25 | |
| Give item / drop item | 7 | |
| Remove unit from queue | 5 | |
| Right click | 10949 | |
| Select / deselect | 1970 | |
| Select group hotkey | 4548 | |
| Use ability | 1204 | |
19855 total
» units
| Peasant | 31 | |
| Dragonhawk Rider | 16 | |
| Gryphon Rider | 7 | |
| Sorceress | 2 | |
| Priest | 2 | |
58 total
» upgrades
| Masonry | 3 | |
| Lumber Harvesting | 2 | |
| Magic Sentry | 1 | |
| Animal War Training | 1 | |
| Swords | 3 | |
| Armor | 3 | |
| Sorceress Training | 2 | |
| Priest Training | 2 | |
17 total
» buildings
| Altar of Kings | 2 | |
| Farm | 39 | |
| Scout Tower | 350 | |
| Lumber Mill | 2 | |
| Arcane Tower | 29 | |
| Guard Tower | 120 | |
| Keep | 1 | |
| Castle | 1 | |
| Arcane Vault | 3 | |
| Arcane Sanctum | 1 | |
| Gryphon Aviary | 1 | |
| Town Hall | 3 | |
| Blacksmith | 1 | |
| Barracks | 1 | |
554 total
» build order
00:03 Altar of Kings
00:19 Farm
00:37 Scout Tower
00:43 Scout Tower
00:44 Scout Tower
00:52 Farm
00:54 Lumber Mill
00:59 Scout Tower
01:13 Scout Tower
01:34 Scout Tower
01:53 Arcane Tower
02:00 Scout Tower
02:10 Arcane Tower
02:11 Scout Tower
02:23 Arcane Tower
02:24 Arcane Tower
02:24 Arcane Tower
02:29 Guard Tower
02:30 Guard Tower
02:30 Guard Tower
02:30 Guard Tower
02:32 Scout Tower
02:42 Scout Tower
03:02 Guard Tower
03:03 Scout Tower
03:04 Scout Tower
03:44 Keep
03:45 Guard Tower
03:46 Scout Tower
03:47 Scout Tower
03:47 Scout Tower
03:49 Guard Tower
03:50 Scout Tower
03:51 Scout Tower
03:53 Guard Tower
03:54 Scout Tower
04:19 Guard Tower
04:31 Guard Tower
04:32 Scout Tower
04:33 Scout Tower
04:35 Guard Tower
04:36 Scout Tower
04:39 Guard Tower
04:39 Guard Tower
04:40 Scout Tower
04:41 Scout Tower
04:42 Scout Tower
05:13 Scout Tower
05:14 Scout Tower
05:15 Scout Tower
05:22 Scout Tower
05:22 Scout Tower
05:26 Guard Tower
05:27 Scout Tower
05:28 Scout Tower
05:36 Guard Tower
05:37 Scout Tower
05:38 Scout Tower
06:07 Castle
06:19 Farm
06:20 Farm
06:23 Guard Tower
06:26 Guard Tower
06:28 Arcane Vault
06:30 Guard Tower
06:32 Arcane Vault
08:07 Arcane Sanctum
08:10 Guard Tower
08:11 Scout Tower
08:12 Scout Tower
08:13 Scout Tower
08:15 Scout Tower
08:16 Scout Tower
08:16 Scout Tower
08:24 Scout Tower
08:25 Scout Tower
08:39 Scout Tower
08:40 Scout Tower
08:40 Scout Tower
08:41 Scout Tower
08:44 Scout Tower
08:45 Scout Tower
08:46 Scout Tower
08:47 Scout Tower
08:48 Scout Tower
08:48 Scout Tower
08:49 Scout Tower
08:53 Guard Tower
09:25 Guard Tower
09:44 Guard Tower
09:46 Scout Tower
09:46 Scout Tower
09:49 Guard Tower
09:51 Arcane Tower
09:57 Scout Tower
09:59 Scout Tower
10:00 Scout Tower
10:13 Scout Tower
10:16 Guard Tower
10:18 Guard Tower
10:21 Scout Tower
10:36 Scout Tower
10:37 Scout Tower
10:38 Scout Tower
10:40 Guard Tower
10:43 Scout Tower
10:46 Scout Tower
10:47 Scout Tower
11:09 Farm
11:11 Gryphon Aviary
11:25 Arcane Tower
11:29 Guard Tower
11:31 Scout Tower
11:32 Scout Tower
11:35 Guard Tower
11:39 Scout Tower
11:41 Scout Tower
11:43 Scout Tower
11:44 Scout Tower
11:52 Scout Tower
11:53 Scout Tower
12:08 Scout Tower
12:09 Scout Tower
12:28 Guard Tower
12:29 Scout Tower
13:17 Arcane Tower
13:18 Scout Tower
13:19 Scout Tower
13:29 Town Hall
13:31 Scout Tower
13:31 Scout Tower
13:32 Scout Tower
13:32 Scout Tower
13:34 Scout Tower
13:35 Scout Tower
13:36 Scout Tower
14:07 Guard Tower
14:08 Scout Tower
14:08 Scout Tower
14:10 Guard Tower
14:14 Scout Tower
14:15 Scout Tower
14:16 Scout Tower
14:16 Scout Tower
15:07 Guard Tower
15:20 Guard Tower
15:24 Scout Tower
15:25 Scout Tower
15:26 Scout Tower
15:30 Scout Tower
15:31 Scout Tower
15:33 Arcane Tower
15:34 Guard Tower
15:38 Scout Tower
15:38 Scout Tower
15:40 Scout Tower
15:40 Scout Tower
15:41 Scout Tower
15:41 Scout Tower
15:42 Scout Tower
15:42 Scout Tower
15:43 Scout Tower
15:43 Scout Tower
15:44 Scout Tower
15:45 Scout Tower
16:12 Scout Tower
16:17 Blacksmith
16:18 Barracks
16:34 Guard Tower
16:35 Scout Tower
16:36 Scout Tower
16:44 Guard Tower
16:46 Scout Tower
16:47 Scout Tower
16:47 Scout Tower
16:52 Arcane Tower
16:52 Guard Tower
16:53 Guard Tower
17:04 Guard Tower
17:07 Scout Tower
17:09 Scout Tower
17:10 Scout Tower
17:19 Arcane Tower
17:24 Scout Tower
17:26 Scout Tower
17:28 Scout Tower
17:28 Scout Tower
17:29 Scout Tower
17:30 Scout Tower
17:44 Guard Tower
17:45 Guard Tower
17:49 Scout Tower
18:22 Guard Tower
18:24 Guard Tower
18:29 Scout Tower
18:29 Scout Tower
18:30 Scout Tower
18:46 Guard Tower
19:25 Guard Tower
19:33 Scout Tower
19:34 Scout Tower
19:34 Scout Tower
19:35 Scout Tower
19:35 Scout Tower
19:36 Scout Tower
19:36 Scout Tower
19:37 Scout Tower
19:37 Scout Tower
19:38 Scout Tower
19:41 Scout Tower
19:42 Scout Tower
19:43 Scout Tower
19:43 Scout Tower
19:44 Scout Tower
19:45 Scout Tower
20:31 Guard Tower
20:35 Guard Tower
20:39 Scout Tower
20:40 Scout Tower
20:40 Scout Tower
20:41 Scout Tower
20:42 Scout Tower
20:42 Scout Tower
21:01 Guard Tower
21:09 Guard Tower
21:11 Scout Tower
21:12 Scout Tower
21:12 Scout Tower
21:15 Guard Tower
21:27 Scout Tower
22:29 Guard Tower
22:36 Scout Tower
22:36 Scout Tower
22:37 Scout Tower
22:37 Scout Tower
22:52 Scout Tower
22:53 Scout Tower
23:10 Scout Tower
23:11 Scout Tower
23:43 Guard Tower
24:02 Guard Tower
24:04 Scout Tower
24:08 Guard Tower
24:15 Guard Tower
24:33 Scout Tower
24:34 Scout Tower
24:35 Scout Tower
24:38 Scout Tower
24:39 Scout Tower
24:39 Scout Tower
24:40 Scout Tower
25:02 Scout Tower
25:09 Scout Tower
25:10 Scout Tower
25:11 Scout Tower
25:28 Arcane Tower
25:38 Guard Tower
25:40 Scout Tower
25:41 Scout Tower
26:09 Guard Tower
26:43 Guard Tower
26:50 Guard Tower
27:02 Scout Tower
27:33 Guard Tower
27:35 Scout Tower
27:55 Scout Tower
27:56 Scout Tower
27:56 Scout Tower
27:57 Scout Tower
28:01 Scout Tower
28:01 Scout Tower
28:02 Scout Tower
28:03 Scout Tower
28:04 Scout Tower
28:05 Scout Tower
28:07 Arcane Vault
28:29 Guard Tower
28:32 Scout Tower
28:37 Scout Tower
28:38 Scout Tower
28:38 Scout Tower
28:39 Scout Tower
28:40 Scout Tower
28:41 Scout Tower
28:52 Arcane Tower
28:53 Guard Tower
28:56 Guard Tower
29:32 Guard Tower
29:36 Scout Tower
29:40 Scout Tower
29:41 Scout Tower
29:42 Scout Tower
29:42 Scout Tower
29:43 Scout Tower
30:01 Guard Tower
30:02 Scout Tower
30:07 Town Hall
30:27 Guard Tower
30:28 Scout Tower
30:29 Scout Tower
30:54 Scout Tower
30:55 Scout Tower
30:57 Arcane Tower
30:58 Guard Tower
31:02 Arcane Tower
31:21 Guard Tower
31:25 Scout Tower
31:25 Scout Tower
31:26 Guard Tower
33:17 Scout Tower
33:17 Scout Tower
33:18 Scout Tower
33:18 Scout Tower
33:19 Scout Tower
33:19 Scout Tower
33:22 Guard Tower
33:23 Scout Tower
33:25 Scout Tower
34:32 Guard Tower
35:21 Guard Tower
35:22 Scout Tower
35:22 Scout Tower
35:22 Scout Tower
35:23 Scout Tower
35:26 Guard Tower
35:31 Scout Tower
35:34 Scout Tower
35:35 Scout Tower
35:36 Scout Tower
35:36 Scout Tower
35:36 Scout Tower
35:37 Scout Tower
35:37 Scout Tower
36:46 Scout Tower
36:48 Scout Tower
36:51 Scout Tower
37:29 Guard Tower
37:33 Guard Tower
37:42 Guard Tower
38:00 Scout Tower
38:03 Scout Tower
38:39 Arcane Tower
39:34 Scout Tower
39:44 Guard Tower
39:52 Scout Tower
39:52 Scout Tower
39:53 Scout Tower
39:55 Guard Tower
39:55 Scout Tower
39:56 Scout Tower
39:57 Scout Tower
39:57 Scout Tower
40:01 Guard Tower
40:02 Scout Tower
40:03 Scout Tower
40:03 Scout Tower
40:10 Scout Tower
40:11 Scout Tower
40:12 Scout Tower
40:12 Scout Tower
40:15 Scout Tower
40:15 Scout Tower
40:16 Scout Tower
40:19 Arcane Tower
40:23 Scout Tower
40:46 Scout Tower
40:52 Guard Tower
41:38 Guard Tower
42:43 Guard Tower
42:44 Scout Tower
42:45 Scout Tower
42:56 Guard Tower
43:12 Scout Tower
43:15 Scout Tower
43:36 Arcane Tower
43:58 Scout Tower
43:59 Scout Tower
43:59 Scout Tower
44:07 Guard Tower
44:08 Scout Tower
44:09 Scout Tower
44:52 Guard Tower
44:57 Scout Tower
44:58 Scout Tower
44:59 Scout Tower
44:59 Scout Tower
45:00 Scout Tower
45:00 Scout Tower
45:12 Guard Tower
45:17 Scout Tower
45:18 Scout Tower
45:57 Guard Tower
46:30 Guard Tower
46:32 Scout Tower
46:33 Scout Tower
46:34 Scout Tower
46:34 Scout Tower
46:37 Scout Tower
46:39 Scout Tower
47:13 Guard Tower
47:26 Guard Tower
47:45 Guard Tower
47:54 Scout Tower
47:55 Scout Tower
47:55 Scout Tower
47:56 Scout Tower
47:57 Scout Tower
47:58 Scout Tower
47:58 Scout Tower
47:59 Scout Tower
48:00 Scout Tower
48:00 Scout Tower
50:20 Scout Tower
50:20 Scout Tower
50:21 Scout Tower
50:22 Scout Tower
50:22 Scout Tower
50:22 Scout Tower
50:51 Guard Tower
50:59 Guard Tower
51:09 Scout Tower
51:10 Scout Tower
51:11 Scout Tower
51:12 Scout Tower
51:12 Scout Tower
51:13 Scout Tower
51:14 Scout Tower
51:45 Guard Tower
51:46 Arcane Tower
52:02 Guard Tower
52:11 Scout Tower
52:12 Scout Tower
52:14 Arcane Tower
52:22 Town Hall
52:23 Guard Tower
52:54 Guard Tower
55:06 Scout Tower
55:07 Scout Tower
55:07 Scout Tower
55:08 Scout Tower
55:09 Scout Tower
55:11 Guard Tower
55:12 Scout Tower
55:13 Scout Tower
55:41 Arcane Tower
55:42 Guard Tower
56:23 Guard Tower
56:25 Scout Tower
56:26 Scout Tower
56:26 Scout Tower
56:27 Scout Tower
56:27 Scout Tower
56:28 Scout Tower
56:32 Guard Tower
56:41 Guard Tower
56:45 Scout Tower
56:47 Scout Tower
56:50 Scout Tower
56:51 Scout Tower
56:55 Scout Tower
56:55 Scout Tower
56:57 Scout Tower
56:58 Scout Tower
57:10 Arcane Tower
57:48 Guard Tower
58:33 Guard Tower
58:42 Guard Tower
59:54 Guard Tower
61:36 Guard Tower
77:50 Farm
77:52 Farm
77:52 Farm
77:53 Farm
77:54 Farm
77:55 Farm
77:56 Farm
77:56 Farm
78:34 Farm
78:36 Farm
78:36 Farm
78:38 Farm
78:39 Farm
80:27 Farm
81:18 Scout Tower
81:23 Scout Tower
81:24 Scout Tower
82:10 Guard Tower
82:12 Scout Tower
82:49 Guard Tower
82:51 Scout Tower
83:03 Scout Tower
84:05 Guard Tower
84:41 Scout Tower
85:37 Guard Tower
85:40 Scout Tower
85:42 Scout Tower
86:03 Guard Tower
87:14 Guard Tower
87:15 Scout Tower
87:17 Scout Tower
87:32 Scout Tower
87:33 Scout Tower
88:15 Guard Tower
88:18 Scout Tower
88:19 Scout Tower
88:51 Arcane Tower
88:52 Guard Tower
88:58 Scout Tower
89:16 Guard Tower
89:19 Scout Tower
89:57 Arcane Tower
89:58 Guard Tower
90:04 Scout Tower
90:12 Scout Tower
90:13 Scout Tower
90:17 Scout Tower
91:12 Arcane Tower
91:48 Lumber Mill
92:28 Arcane Tower
93:20 Guard Tower
96:36 Scout Tower
96:37 Scout Tower
96:38 Scout Tower
96:40 Scout Tower
96:48 Scout Tower
96:49 Scout Tower
98:17 Arcane Tower
98:18 Guard Tower
98:18 Guard Tower
99:27 Farm
99:30 Farm
99:32 Farm
101:37 Farm
101:38 Farm
101:40 Farm
101:41 Farm
103:11 Farm
103:18 Farm
103:18 Farm
103:20 Farm
103:21 Farm
103:23 Farm
103:25 Farm
105:10 Farm
105:11 Farm
105:13 Farm
108:13 Farm
110:33 Altar of Kings
111:47 Farm
111:48 Farm
113:44 Scout Tower
113:45 Scout Tower
114:15 Arcane Tower
114:39 Arcane Tower
» items
| Healing Salve | 9 | |
| Scroll of Speed | 4 | |
| Orb of Lightning | 3 | |
| Staff of Sanctuary | 3 | |
| Potion of Healing | 1 | |
| Scroll of Town Portal | 5 | |
| Scroll of Regeneration | 11 | |
| Tiny Great Hall | 1 | |
37 total
Jormungandir (
purple | 60 APM | 2677 actions | 44:36)
4 Warden
2 Shadow Strike
2 Blink
» actions
| Assign group hotkey | 1 | |
| Build / train | 51 | |
| Enter build submenu | 15 | |
| Enter hero's abilities submenu | 4 | |
| Right click | 2108 | |
| Select / deselect | 160 | |
| Select group hotkey | 195 | |
| Use ability | 143 | |
2677 total
» units
» buildings
| Altar of Elders | 2 | |
| Moon Well | 8 | |
| Tree of Ages | 2 | |
| Tree of Life | 5 | |
17 total
» build order
00:03 Altar of Elders
00:24 Moon Well
00:57 Moon Well
08:06 Tree of Ages
14:59 Moon Well
24:57 Tree of Life
25:18 Altar of Elders
28:54 Moon Well
28:55 Moon Well
30:04 Tree of Ages
33:53 Tree of Life
34:19 Moon Well
34:21 Moon Well
34:25 Moon Well
37:33 Tree of Life
40:37 Tree of Life
41:50 Tree of Life
» items
| Orb of Lightning | 1 | |
| Lesser Clarity Potion | 2 | |
| Healing Salve | 2 | |
5 total
wig-dad (
blue | 98 APM | 23902 actions | 245:07)
10 Blademaster
3 Wind Walk
3 Critical Strike
1 Bladestorm
3 Mirror Image
3 Warden
1 Blink
1 Shadow Strike
1 Spirit of Vengeance
» actions
| Assign group hotkey | 63 | |
| Basic commands | 65 | |
| Build / train | 168 | |
| Enter build submenu | 79 | |
| Enter hero's abilities submenu | 15 | |
| Give item / drop item | 9 | |
| Remove unit from queue | 2 | |
| Right click | 17596 | |
| Select / deselect | 1890 | |
| Select group hotkey | 2466 | |
| Use ability | 1549 | |
23902 total
» units
| Peon | 20 | |
| Troll Batrider | 32 | |
| Druid of the Talon | 32 | |
| Raider | 1 | |
| Wisp | 2 | |
87 total
» upgrades
| Liquid Fire | 1 | |
| Ranged Weapons | 3 | |
| Armor | 3 | |
| Druid of the Talon Training | 2 | |
| Ultravision | 1 | |
| Strength of the Wild | 3 | |
| Reinforced Hides | 3 | |
| Ensnare | 1 | |
| Well Spring | 1 | |
| Mark of the Talon | 1 | |
19 total
» buildings
| Altar of Storms | 3 | |
| Orc Burrow | 9 | |
| War Mill | 4 | |
| Voodoo Lounge | 6 | |
| Watch Tower | 49 | |
| Stronghold | 4 | |
| Beastiary | 4 | |
| Fortress | 2 | |
| Great Hall | 3 | |
| Tree of Ages | 1 | |
| Hunter's Hall | 1 | |
| Ancient of Wind | 2 | |
| Moon Well | 12 | |
| Tree of Eternity | 1 | |
| Town Hall | 1 | |
| Arcane Vault | 1 | |
| Keep | 2 | |
105 total
» build order
00:12 Altar of Storms
00:18 Orc Burrow
00:38 War Mill
01:07 Voodoo Lounge
01:51 Watch Tower
02:10 Watch Tower
02:38 Watch Tower
02:54 Watch Tower
03:47 Watch Tower
03:49 Stronghold
03:49 Stronghold
04:34 Watch Tower
04:38 Orc Burrow
04:42 Voodoo Lounge
04:44 Voodoo Lounge
04:45 Voodoo Lounge
05:17 Watch Tower
05:20 Watch Tower
05:39 Orc Burrow
06:28 Watch Tower
06:29 Watch Tower
06:44 Watch Tower
06:58 Beastiary
08:39 Beastiary
08:40 Fortress
08:42 Watch Tower
08:43 Watch Tower
08:44 Watch Tower
08:46 Watch Tower
09:37 Orc Burrow
11:21 Watch Tower
13:01 Watch Tower
14:09 Watch Tower
14:11 Watch Tower
15:14 Watch Tower
15:15 Watch Tower
15:28 Great Hall
15:53 Watch Tower
16:38 Watch Tower
16:38 Watch Tower
16:39 Watch Tower
16:39 Watch Tower
16:40 Watch Tower
16:40 Watch Tower
16:41 Watch Tower
16:41 Watch Tower
17:36 Watch Tower
17:36 Watch Tower
17:36 Watch Tower
19:50 War Mill
20:12 Orc Burrow
20:12 Orc Burrow
20:42 War Mill
20:44 War Mill
22:18 Watch Tower
22:18 Watch Tower
22:18 Watch Tower
22:19 Watch Tower
22:21 Watch Tower
22:21 Watch Tower
22:27 Stronghold
24:10 Orc Burrow
24:11 Orc Burrow
24:52 Great Hall
24:58 Beastiary
24:59 Beastiary
25:25 Watch Tower
25:26 Watch Tower
25:26 Watch Tower
25:28 Watch Tower
25:29 Watch Tower
25:30 Watch Tower
28:50 Voodoo Lounge
28:56 Voodoo Lounge
33:20 Watch Tower
33:21 Watch Tower
33:21 Watch Tower
33:22 Watch Tower
34:21 Altar of Storms
34:26 Altar of Storms
39:50 Great Hall
51:29 Fortress
59:00 Tree of Ages
66:17 Hunter's Hall
66:19 Ancient of Wind
66:22 Ancient of Wind
67:42 Moon Well
67:43 Moon Well
71:16 Moon Well
71:18 Moon Well
72:04 Tree of Eternity
83:05 Orc Burrow
87:24 Moon Well
166:22 Moon Well
166:24 Moon Well
169:24 Moon Well
169:25 Moon Well
169:26 Moon Well
169:31 Moon Well
169:32 Moon Well
227:10 Town Hall
229:11 Arcane Vault
230:34 Keep
230:34 Keep
» items
| Healing Salve | 6 | |
| Lesser Clarity Potion | 17 | |
| Orb of Lightning | 1 | |
| Scroll of Town Portal | 5 | |
| Mechanical Critter | 2 | |
31 total
team 2 (loser)
Bogir (
teal | 75 APM | 11988 actions | 159:46)
9 Far Seer
3 Feral Spirit
2 Chain Lighting
1 Earth Quake
3 Far Sight
8 Tauren Chieftain
3 War Stomp
3 Endurance Aura
1 Reincarnation
1 Shockwave
» actions
| Assign group hotkey | 80 | |
| Basic commands | 310 | |
| Build / train | 253 | |
| ESC pressed | 1 | |
| Enter build submenu | 55 | |
| Enter hero's abilities submenu | 20 | |
| Give item / drop item | 1 | |
| Remove unit from queue | 16 | |
| Right click | 5951 | |
| Select / deselect | 2007 | |
| Select group hotkey | 2795 | |
| Use ability | 498 | |
11988 total
» units
| Peon | 65 | |
| Grunt | 8 | |
| Demolisher | 34 | |
| Wind Rider | 31 | |
| Troll Batrider | 49 | |
187 total
» upgrades
| Ranged Weapons | 3 | |
| Berserker Strength | 1 | |
| Burning Oil | 1 | |
| Armor | 3 | |
| Liquid Fire | 1 | |
| Reinforced Defenses | 1 | |
| Spiked Barricades | 1 | |
| Envenomed Spears | 1 | |
12 total
» buildings
| Altar of Storms | 1 | |
| Orc Burrow | 13 | |
| Barracks | 1 | |
| Voodoo Lounge | 2 | |
| Stronghold | 2 | |
| War Mill | 1 | |
| Beastiary | 2 | |
| Fortress | 2 | |
| Watch Tower | 22 | |
| Great Hall | 7 | |
53 total
» build order
00:05 Altar of Storms
00:12 Orc Burrow
00:36 Barracks
01:31 Orc Burrow
02:01 Voodoo Lounge
02:56 Stronghold
03:39 Orc Burrow
04:36 Orc Burrow
04:37 War Mill
05:43 Beastiary
08:53 Fortress
12:00 Orc Burrow
12:02 Orc Burrow
13:04 Orc Burrow
17:30 Beastiary
19:37 Watch Tower
28:10 Great Hall
28:13 Watch Tower
28:16 Watch Tower
28:17 Watch Tower
28:20 Watch Tower
30:12 Great Hall
30:19 Watch Tower
30:26 Orc Burrow
31:45 Great Hall
38:40 Watch Tower
39:25 Stronghold
39:52 Great Hall
40:29 Watch Tower
40:48 Watch Tower
41:11 Watch Tower
43:04 Watch Tower
44:11 Great Hall
50:52 Great Hall
55:10 Watch Tower
56:31 Great Hall
59:23 Orc Burrow
59:26 Watch Tower
59:43 Fortress
59:58 Watch Tower
61:12 Watch Tower
61:14 Orc Burrow
61:18 Watch Tower
62:04 Watch Tower
63:20 Watch Tower
63:22 Watch Tower
63:55 Watch Tower
69:42 Watch Tower
94:45 Watch Tower
96:26 Orc Burrow
99:26 Voodoo Lounge
117:03 Orc Burrow
117:06 Orc Burrow
» items
| Lesser Clarity Potion | 3 | |
| Healing Salve | 1 | |
| Scroll of Speed | 4 | |
| Scroll of Town Portal | 2 | |
| Potion of Healing | 4 | |
| Orb of Lightning | 1 | |
| Potion of Mana | 1 | |
| Tiny Great Hall | 1 | |
17 total
Order_66 (
yellow | 18 APM | 4466 actions | 244:58)
8 Blademaster
3 Wind Walk
3 Critical Strike
1 Bladestorm
1 Mirror Image
7 Shadow Hunter
3 Healing Wave
3 Hex
1 Big Bad Voodoo
» actions
| Assign group hotkey | 43 | |
| Basic commands | 163 | |
| Build / train | 104 | |
| ESC pressed | 6 | |
| Enter build submenu | 40 | |
| Enter hero's abilities submenu | 16 | |
| Give item / drop item | 5 | |
| Remove unit from queue | 1 | |
| Right click | 1923 | |
| Select / deselect | 1136 | |
| Select group hotkey | 860 | |
| Use ability | 169 | |
4466 total
» units
| Peon | 21 | |
| Grunt | 8 | |
| Shaman | 5 | |
| Demolisher | 2 | |
| Tauren | 9 | |
| Troll Batrider | 3 | |
| Gryphon Rider | 6 | |
| Wind Rider | 5 | |
| Flying Machine | 5 | |
64 total
» upgrades
| Shaman Training | 2 | |
| Armor | 3 | |
| Melee Weapons | 2 | |
| Berserker Strength | 1 | |
8 total
» buildings
| Altar of Storms | 2 | |
| Orc Burrow | 9 | |
| Barracks | 2 | |
| Voodoo Lounge | 1 | |
| Stronghold | 2 | |
| War Mill | 1 | |
| Spirit Lodge | 1 | |
| Fortress | 1 | |
| Tauren Totem | 1 | |
| Great Hall | 7 | |
| Beastiary | 1 | |
| Watch Tower | 2 | |
| Town Hall | 1 | |
31 total
» build order
00:07 Altar of Storms
00:18 Orc Burrow
00:35 Barracks
01:31 Orc Burrow
01:51 Voodoo Lounge
03:16 Stronghold
03:44 Orc Burrow
04:03 War Mill
04:28 Orc Burrow
06:15 Spirit Lodge
08:34 Fortress
09:00 Orc Burrow
12:07 Tauren Totem
15:47 Orc Burrow
15:48 Orc Burrow
16:40 Great Hall
19:32 Great Hall
24:55 Stronghold
27:51 Beastiary
29:34 Great Hall
31:05 Watch Tower
31:47 Watch Tower
33:21 Great Hall
49:44 Orc Burrow
49:45 Altar of Storms
53:46 Orc Burrow
78:11 Great Hall
79:14 Great Hall
83:00 Barracks
91:43 Great Hall
168:23 Town Hall
» items
| Healing Salve | 1 | |
| Potion of Healing | 4 | |
| Scroll of Town Portal | 4 | |
| Potion of Mana | 1 | |
| Tiny Great Hall | 1 | |
11 total
Spectah (
red | 73 APM | 11561 actions | 159:23)
8 Mountain King
3 Storm Bolt
3 Bash
1 Avatar
1 Thunder Clap
» actions
| Assign group hotkey | 140 | |
| Basic commands | 97 | |
| Build / train | 224 | |
| Enter build submenu | 46 | |
| Enter hero's abilities submenu | 8 | |
| Give item / drop item | 1 | |
| Remove unit from queue | 14 | |
| Right click | 8484 | |
| Select / deselect | 2171 | |
| Select group hotkey | 189 | |
| Use ability | 187 | |
11561 total
» units
| Peasant | 49 | |
| Rifleman | 33 | |
| Mortar Team | 39 | |
| Siege Engine | 20 | |
| Flying Machine | 26 | |
| Dragonhawk Rider | 1 | |
168 total
» upgrades
| Gunpowder | 3 | |
| Armor | 3 | |
| Long Rifles | 1 | |
| Fragmentation Shards | 1 | |
| Barrage | 1 | |
| Plating | 3 | |
| Flare | 1 | |
| Backpack | 1 | |
| Flak Cannons | 1 | |
| Flying Machine Bombs | 1 | |
| Cloud | 1 | |
17 total
» buildings
| Barracks | 1 | |
| Farm | 12 | |
| Altar of Kings | 1 | |
| Blacksmith | 1 | |
| Lumber Mill | 1 | |
| Scout Tower | 15 | |
| Guard Tower | 8 | |
| Arcane Tower | 2 | |
| Keep | 1 | |
| Castle | 1 | |
| Workshop | 4 | |
| Town Hall | 13 | |
| Arcane Vault | 2 | |
| Gryphon Aviary | 1 | |
63 total
» build order
00:05 Barracks
00:27 Farm
00:49 Altar of Kings
01:10 Farm
01:55 Blacksmith
02:31 Farm
02:42 Lumber Mill
05:09 Scout Tower
05:38 Scout Tower
05:59 Scout Tower
06:48 Scout Tower
07:35 Guard Tower
07:37 Arcane Tower
07:42 Farm
08:36 Farm
08:37 Farm
10:03 Keep
11:52 Farm
11:56 Farm
12:47 Castle
12:54 Workshop
13:37 Workshop
15:56 Farm
17:10 Town Hall
17:50 Farm
17:51 Farm
17:51 Farm
24:26 Scout Tower
24:31 Scout Tower
29:00 Guard Tower
29:01 Guard Tower
33:48 Town Hall
42:40 Town Hall
51:31 Town Hall
57:06 Town Hall
58:39 Town Hall
63:26 Scout Tower
63:28 Scout Tower
63:32 Scout Tower
63:33 Scout Tower
67:40 Guard Tower
75:18 Scout Tower
75:18 Scout Tower
75:18 Scout Tower
75:20 Scout Tower
75:20 Scout Tower
76:17 Guard Tower
76:18 Arcane Tower
77:14 Town Hall
77:36 Guard Tower
77:37 Guard Tower
77:39 Guard Tower
93:58 Workshop
94:05 Workshop
97:54 Town Hall
104:02 Town Hall
106:30 Arcane Vault
106:33 Arcane Vault
107:26 Town Hall
151:02 Gryphon Aviary
158:13 Town Hall
158:26 Town Hall
158:32 Town Hall
» items
| Scroll of Town Portal | 2 | |
| Staff of Sanctuary | 1 | |
| Orb of Fire | 1 | |
4 total
Chat log
(02:26 / All) wig-dad: hi
(02:30 / All) wig-dad: how are u?
(02:31 / All) Bogir: hi
(50:31 / All) wig-dad: Noob
(50:38 / All) Spectah: you guys must be fun
(60:02 / All) Spectah: is that your idea of fun?
(60:05 / All) iggy_the_fisk: YES!
(60:12 / All) wig-dad: =-)
(60:12 / All) Spectah: hm
(75:20 / All) Spectah: yeah
(75:24 / All) Spectah: lag out
(75:31 / All) Spectah: you cummonger
(75:35 / All) wig-dad: are you ok?
(75:41 / All) Spectah: nah
(75:45 / All) Spectah: would you be ok
(75:50 / All) Spectah: playing against shit like thatz
(75:54 / All) wig-dad: yeah it's fun!
(89:44 / All) iggy_the_fisk: gay game
(90:16 / All) Order_66: cause you played gay
(90:39 / All) iggy_the_fisk: HMMM yeah, or maybe because you edited mpq to lower gold cost?
(90:43 / All) iggy_the_fisk: Impossible to make so many mortar
(90:47 / All) Spectah: haha
(91:44 / All) wig-dad: your base is dead Yellow!!!
(98:37 / All) wig-dad: so where are you guys from
(101:37 / All) Spectah: so what do you guys do?
(101:42 / All) Spectah: when you are not being gay?
(101:46 / All) wig-dad: hmm
(101:51 / All) wig-dad: hard to say
(102:26 / All) iggy_the_fisk: wig, work, waugh
(102:40 / All) wig-dad: my base...
(102:51 / All) wig-dad: that's the second time you killed my base
(102:54 / All) wig-dad: care to make it three?
(103:06 / All) Spectah: care to just surrender?
(103:15 / All) wig-dad: did we lose?
(107:26 / All) iggy_the_fisk: welcome to upking
(109:54 / All) Spectah: come down there
(109:59 / All) wig-dad: where
(111:48 / All) Spectah: come down
(111:52 / All) wig-dad: ok
(111:56 / All) wig-dad: on my way
(117:46 / All) wig-dad: bad move
(118:00 / All) Spectah: your whole life is a bad move
(118:04 / All) wig-dad: like all of it?
(118:11 / All) Spectah: looks liek it
(118:20 / All) wig-dad: interesting
(118:22 / All) wig-dad: elaborate?
(118:56 / All) iggy_the_fisk: hey which town are you from
(119:07 / All) Spectah: timbuktu
(119:37 / All) wig-dad: hmm well
(119:40 / All) wig-dad: that didn't turn out so well for you
(119:47 / All) Spectah: again
(119:50 / All) wig-dad: 160g each
(119:57 / All) Spectah: your whoile life didn'T turn out so well for you
(120:03 / All) wig-dad: hmmm are you mad??
(120:14 / All) Spectah: are you?
(120:15 / All) wig-dad: sounds like you're mad dude
(120:24 / All) wig-dad: but answer my friend's Q: Where Are You From
(120:26 / All) Spectah: because I would If I was you
(120:29 / All) iggy_the_fisk: I feel like I've had some good stuff
(120:32 / All) Spectah: i answered
(120:51 / All) iggy_the_fisk: That one time I made chocolate-banana cake and brought it to work everyone was raving about it
(121:03 / All) Spectah: they faked it
(121:07 / All) Spectah: soory to tell you
(121:11 / All) iggy_the_fisk: they ate it all though
(121:15 / All) Spectah: nope
(121:19 / All) Spectah: check the trashcan
(121:26 / All) Spectah: so very sorry
(121:34 / All) wig-dad: [looks in trashcan] Oh its you in there
(121:43 / All) iggy_the_fisk: and your SHODDY GAMEPLAY
(121:44 / All) wig-dad: trash noob
(121:45 / All) wig-dad: lmao
(121:50 / All) iggy_the_fisk: Losing a game with every mine on the map... what a nab
(126:21 / All) Spectah: huys just come down there
(126:28 / All) wig-dad: ok comin
(127:18 / All) iggy_the_fisk: I think we outsmarted you faire and square
(127:25 / All) iggy_the_fisk: and fair
(127:26 / All) Spectah: not really no
(136:07 / All) iggy_the_fisk: where is my bird
(136:08 / All) iggy_the_fisk: where it go
(136:17 / All) iggy_the_fisk: oh you found
(136:26 / All) wig-dad: he'[s a good bird
(136:46 / All) iggy_the_fisk: ratemybird.biz
(141:31 / All) wig-dad: good bird
(146:08 / All) wig-dad: lol du des
(146:13 / All) iggy_the_fisk: we applaud your efforts
(146:14 / All) wig-dad: i'm impressed
(146:17 / All) iggy_the_fisk: chapeau
(146:22 / All) Spectah: well
(146:27 / All) Spectah: this map designer failed
(146:40 / All) wig-dad: you don't like emergent gameplay?
(149:10 / All) wig-dad: are u daft?
(151:50 / All) wig-dad: lol
(153:09 / All) wig-dad: you know about ctrl key?
(155:37 / All) wig-dad: n1
(155:55 / All) Spectah: man this is genuinely the most autistic shit i've ever seen
(156:09 / All) wig-dad: are you hugging your knees and rocking?
(156:11 / All) iggy_the_fisk: staying in a game you already lost for 2 hours? yeah
(156:39 / All) iggy_the_fisk: these farms will harm you no more
(159:29 / All) wig-dad: cya
(159:32 / All) wig-dad: https://highper.ch/
(171:39 / All) wig-dad: hello orc
(171:45 / All) wig-dad: your friends abandoned you
(171:51 / All) iggy_the_fisk: don't worry
(171:54 / All) iggy_the_fisk: they left you plenty of tank repairs
(173:47 / All) Order_66: tomorrow i can sleep as long as i want ;)
(173:56 / All) iggy_the_fisk: good
(174:03 / All) wig-dad: me 2, holiday tomorrow
(174:04 / All) wig-dad: canada?
(174:06 / All) iggy_the_fisk: you should use that to lose a game
(174:18 / All) iggy_the_fisk: you'll thank yourself in the morning
(174:19 / All) iggy_the_fisk: or, afternoon
(187:25 / All) wig-dad: use the tiny town hall
(187:28 / All) wig-dad: get up here
(192:27 / All) wig-dad: good bird
(236:55 / All) wig-dad: did you miss me
(238:57 / All) wig-dad: you can't stomp a storm